 Dungeon Sprint DCSS version 0.30-a0-852-g08b95dd62f (webtiles) character file.

Game seed: 16486895421569968023

681 dialectric the Fighter (level 7, -1/53 HPs)
             Began as a Gargoyle Fighter on Mar 4, 2023.
             Was an Initiate of Trog.
             Slain by a tentacle (3 damage)
             ... attached to a kraken
             ... in the Dungeon (Sprint II: "The Violet Keep of Menkaure").
             The game lasted 00:01:32 (261 turns).

dialectric the Fighter (Gargoyle Fighter)            Turns: 261, Time: 00:01:32

Health: -1/53      AC: 13    Str: 20    XL:     7   Next: 61%
Magic:  7/7        EV: 11    Int:  8    God:    Trog [......]
Gold:   908        SH:  0    Dex: 11    Spells: 6/6 levels left

rFire   . . .      SeeInvis .    a - +0 long sword
rCold   . . .      Faith    .    (no shield)
rNeg    + . .      Spirit   .    b - +0 scale mail
rPois   ∞          Reflect  .    (no helmet)
rElec   +          Rampage  .    (no cloak)
rCorr   .          NoTele   +    (no gloves)
Will    .....                    (no boots) Stlth
                                 (no amulet)
HPRegen 0.28/turn                (no ring)
MPRegen 0.10/turn                (no ring)

@: very slow
A: sickness immunity, AC +4, negative energy resistance 1, electricity
resistance, torment resistance 1, petrification resistance
a: Renounce Religion


You were in the Dungeon.
You worshipped Trog.
Trog was noncommittal.
You visited 1 branch You collected 908 gold pieces.

Inventory:

Hand Weapons
 a - a +0 long sword (weapon)
Missiles
 v - 3 javelins (quivered)
Armour
 b - a +0 scale mail (worn)
 c - a +0 buckler
 j - a +0 pair of gloves
Jewellery
 u - a +4 ring of protection
Scrolls
 e - a scroll of blinking
 k - a scroll of poison {unknown}
 l - a scroll of magic mapping {unknown}
 n - 2 scrolls of identify {unknown}
 q - a scroll of vulnerability {unknown}
 x - a scroll of brand weapon {unknown}
 y - a scroll of enchant weapon {unknown}
 z - a scroll of butterflies {unknown}
 C - a scroll of silence {unknown}
Potions
 d - 2 potions of brilliance {unknown}
 f - a potion of heal wounds
 g - a potion of haste
 h - 5 potions of magic
 i - a potion of berserk rage
 m - 3 potions of resistance {unknown}
 o - a potion of cancellation {unknown}
 p - a potion of might
 r - a potion of invisibility {unknown}
 s - 6 potions of flight {unknown}
 t - a potion of degeneration {unknown}
 w - a potion of curing
 A - a potion of ambrosia {unknown}
 B - a potion of lignification {unknown}


   Skills:
 + Level 10.4 Fighting
 * Level 7.4 Long Blades
 + Level 9.9 Armour
 + Level 5.4 Dodging
 - Level 3.2 Shields


You had 6 spell levels left.
You didn't know any spells.
Your spell library was empty.

Dungeon Overview and Level Annotations

Branches:
Dungeon (1/1)

Altars:
Cheibriados
Dithmenos
Elyvilon
Fedhas
Gozag
Hepliaklqana
Kikubaaqudgha
Makhleb
Nemelex Xobeh
Okawaru
Qazlal
Ru
Sif Muna
Trog
Uskayaw
Vehumet
Wu Jian
Xom
Yredelemnul
Zin
The Shining One
Jiyva
Lugonu


Innate Abilities, Weirdness & Mutations

You are immune to sickness and miasma.
Your stone body is resilient. (AC +4)
You are immune to poison.
You resist negative energy. (rN+)
You are resistant to electric shocks. (rElec)
You are resistant to unholy torment.
You are immune to petrification.


Message History

x - a scroll labelled YRAUXA RILUWU
y - a scroll labelled GAGANKYSOR
n - 2 scrolls labelled KEM NAULILI (gained 1)
You see here a +0 robe.
z - a scroll labelled SYSCHE QETALOEH You see here a +0 robe.
s - 4 silvery potions (gained 3)
You now have 846 gold pieces (gained 12).
You now have 864 gold pieces (gained 18).
You now have 871 gold pieces (gained 7).
You now have 878 gold pieces (gained 7).
You now have 890 gold pieces (gained 12).
You now have 898 gold pieces (gained 8).
You now have 908 gold pieces (gained 10).
The water moccasin hisses angrily.
The walls and floor vibrate strangely for a moment.
The water moccasin hisses angrily.
A - a white potion
h - 5 potions of magic (gained 3)
s - 5 silvery potions (gained 1)
The water moccasin hisses angrily.
You see here 2 stones.
B - a glowing green potion
d - 2 fuming black potions (gained 1)
C - a scroll labelled NESAMA YNLIOTI
s - 6 silvery potions (gained 1)
You open the door.
Tentacles burst out of the water! 4 tentacles come into view.
There is an open door here.
You enter the shallow water.
Moving in this stuff is going to be slow.
The tentacle slaps you!!
The tentacle slaps you but does no damage.
The tentacle slaps you!!
* * * LOW HITPOINT WARNING * * *
The tentacle slaps you!
* * * LOW HITPOINT WARNING * * *
The tentacle slaps you.
You die...

#○}▓)......)▓▓ ###
+.####:)▓.[)..(..▓▓ ..#
...####▓.)....).▓▓ ..##
#.^# #▓..((.[.[▓▓ #..# +..#
#▓.(......▓▓ #..# #..#
#▓.)...(.(▓▓
'..####..####▓...(..).▓▓
#....###...##▓▓▓▓▓▓▓Λ▓▓▓▓+▓
#......~~~~~~~~~@w~~.──Xw≈▓
~~.....~#'########+###w≈w≈▓
§~~~~..~#....._..#SS§##≈≈≈▓
~~~~~~.~#...._._.#S~§≈####▓
§≈§~§~~~#..._._._#~~§§§
§≈≈≈≈§~~#.._._._.#~§§§≈
≈≈≈≈≈≈≈~#._._._._#§~~~§
≈≈≈###≈§#_._._._.#~§~§§
#≈§#._._._._#§§§


You could see a kraken, 2 tentacles and 3 water moccasins.

Vanquished Creatures
  A merfolk siren (D)
  Menkaure (D)
  4 scorpions (D)
  2 worms (D)
8 creatures vanquished.

Vanquished Creatures (others)
  A water moccasin (D)
1 creature vanquished.

Grand Total: 9 creatures vanquished

Notes
Turn   | Place    | Note
-------+----------+-------------------------------------------
     0 | D        | dialectric the Gargoyle Fighter began the quest for the
                  | Orb.
     0 | D        | Reached XP level 1. HP: 14/14 MP: 1/1
    13 | D        | Reached skill level 4 in Fighting
    15 | D        | Reached XP level 2. HP: 15/20 MP: 2/2
    17 | D        | Killed a water moccasin
    24 | D        | Noticed a merfolk siren
    42 | D        | Killed a merfolk siren
    43 | D        | Reached skill level 9 in Fighting
    43 | D        | Reached skill level 5 in Dodging
    43 | D        | Reached XP level 3. HP: 31/31 MP: 3/3
    43 | D        | Reached XP level 4. HP: 36/36 MP: 4/4
    43 | D        | Reached XP level 5. HP: 41/41 MP: 5/5
    43 | D        | Reached XP level 6. HP: 46/46 MP: 6/6
    47 | D        | Noticed Menkaure
    54 | D        | Killed Menkaure
    55 | D        | Reached skill level 5 in Long Blades
    55 | D        | Reached XP level 7. HP: 32/52 MP: 7/7
    90 | D        | Reached skill level 10 in Fighting
   120 | D        | Found a blossoming altar of Fedhas.
   121 | D        | Found a white marble altar of Elyvilon.
   122 | D        | Found a shadowy altar of Dithmenos.
   122 | D        | Found a corrupted altar of Lugonu.
   122 | D        | Found an opulent altar of Gozag.
   122 | D        | Found a burning altar of Makhleb.
   123 | D        | Found a snail-covered altar of Cheibriados.
   123 | D        | Found an ancient bone altar of Kikubaaqudgha.
   123 | D        | Found a bloodstained altar of Trog.
   124 | D        | Found a viscous altar of Jiyva.
   124 | D        | Found a shimmering blue altar of Sif Muna.
   125 | D        | Found a hazy altar of Hepliaklqana.
   125 | D        | Found a sacrificial altar of Ru.
   126 | D        | Found a shimmering altar of Xom.
   127 | D        | Found a stormy altar of Qazlal.
   127 | D        | Found an ornate altar of the Wu Jian Council.
   127 | D        | Found a sparkling altar of Nemelex Xobeh.
   127 | D        | Found a hide-covered altar of Uskayaw.
   127 | D        | Found a basalt altar of Yredelemnul.
   127 | D        | Found a glowing golden altar of the Shining One.
   128 | D        | Found a radiant altar of Vehumet.
   128 | D        | Found an iron altar of Okawaru.
   128 | D        | Found a glowing silver altar of Zin.
   134 | D        | Became a worshipper of Trog the Wrathful
   147 | D        | Noticed a kraken
   173 | D        | Found the +8 autumn katana {manifold assault}
   260 | D        | HP: 1/53 [tentacle[a kraken] (10)]
   261 | D        | Slain by a tentacle

Illustrated notes

Levels and vault maps discovered:
D:        the_violet_keep_of_menkaure [sprint2_stairs_cluster_1,
          sprint2_shoproom, sprint2_temple, sprint2_basic_supplies,
          sprint2_obstacle_3, sprint2_obstacle_2, sprint2_obstacle_5,
          sprint2_obstacle_6, sprint2_obstacle_4, sprint2_timed_cluster_1,
          sprint2_smallroom_cluster_1, sprint2_smallroom_final_cluster_1,
          sprint2_transparent_cluster_1, sprint2_second_timed_cluster_1,
          sprint2_sniper_area_1, sprint2_heavy_combat_area_1,
          sprint2_mutation_trap_area_1, sprint2_forest_area_1,
          sprint2_light_combat_area_1, sprint2_behind_water_1,
          sprint2_near_end_vault_1]

Skill      XL: |  1  2  3  4  5  6  7 |
---------------+----------------------+-----
Fighting       | 4 9 10 | 10.4
Long Blades    | 2 4 5 7 |  7.4
Armour         | 4 8 9 |  9.9
Dodging        | 5 |  5.4
Shields        | |  3.2

Action                     |  1- 3 |  4- 6 |  7- 9 || total
---------------------------+-------+-------+-------++-------
  Melee: Long sword        |    19 |     7 |    37 ||    63
    Use: Potion            |     2 |       |       ||     2
         Scroll            |       |       |     1 ||     1
 Armour: Scale mail        |       |       |    21 ||    21
  Dodge: Dodged            |       |     2 |    18 ||    20

Table legend: (Time is in decaauts)
 A = Elapsed time spent in this place.
 B = Non-inter-level travel time spent in this place.
 C = Inter-level travel time spent in this place.
 D = Time resting spent in this place.
 E = Time spent auto-exploring this place.
 F = Levels seen in this place.
 G = Mean time per level.
                   A        B        C        D        E       F      G
               +--------+--------+--------+--------+--------+-----+--------+
         Total |    275 |    275 |      0 |      0 |      0 |   1 |  275.0 |
       Dungeon |    275 |    275 |      0 |      0 |      0 |   1 |  275.0 |
               +--------+--------+--------+--------+--------+-----+--------+

Top non-repeatable levels by time:
       D: 275 daAuts
